 Dungeon Crawl Stone Soup version 0.28-b1-25-g9875b3fc8c (webtiles) character file.

Game seed: 5180841696172542868

98581 Xoff the Blocker (level 15, -4/121 HPs)
             Began as a Gnoll Fighter on Feb 6, 2022.
             Was the Champion of Jiyva.
             Slain by Donald (6 damage)
             ... on level 1 of the Spider Nest.
             The game lasted 01:05:50 (19790 turns).

Xoff the Blocker (Gnoll Fighter)                   Turns: 19790, Time: 01:05:50

Health: -4/121     AC: 31    Str: 25    XL:     15   Next: 84%
Magic:  38/38      EV: 14    Int:  8    God:    Jiyva [******]
Gold:   1079       SH: 13    Dex: 21    Spells: 34/34 levels left

rFire   . . .      SeeInvis .   x - +7 flail of the Ancients {venom, Fly MP+9 Str+3 Stlth-}
rCold   . . .      Faith    .   c - +0 buckler
rNeg    + + .      Spirit   .   s - +14 crystal plate armour of an ice cave {Will+ Dex+9}
rPois   .          Reflect  +   (helmet unavailable)
rElec   +          Harm     .   B - +0 cloak
rCorr   +          Rampage  .   E - +0 pair of gloves of Ru's Respect {+Blink rElec}
Will    ++...      Clarity  +   (boots unavailable)
Stlth   ..........              I - amulet "Baluhak" {Reflect rN+ SH+5}
HPRegen 1.90/turn               z - +4 ring of evasion
MPRegen 0.76/turn               W - ring of positive energy

@: flying
A: fangs 1, strong nose, distributed training, horns 3, talons 3, clarity,
acidic bite, eyeballs 1, pseudopods 1, translucent skin 1, tendrils
}: 1/15 runes: slimy
a: Renounce Religion, Evoke Blink, Oozemancy, Slimify


You were on level 1 of the Spider Nest.
You worshipped Jiyva.
Jiyva was exalted by your worship.
You visited 5 branches of the dungeon, and saw 28 of its levels.

You collected 1079 gold pieces.

Inventory:

Hand Weapons
 a - the +9 flail of Asekkueto {vorpal, rPois Dex+2}
   (You found it on level 7 of the Dungeon)

   It inflicts extra damage upon your enemies.
   Dex:       It affects your dexterity (+2).
   rPois:     It protects you from poison.
 b - a +1 hunting sling of flaming
 l - the +10 short sword of Guilt {pain, +Blink rElec Str-2 Dex+2}
   (You found it on level 5 of the Pits of Slime)

   In the hands of one skilled in necromantic magic, it inflicts extra damage on
   living creatures.
   Str:       It affects your strength (-2).
   Dex:       It affects your dexterity (+2).
   rElec:     It insulates you from electricity.
   +Blink:    It lets you blink.
 x - the +7 flail of the Ancients (weapon) {venom, Fly MP+9 Str+3 Stlth-}
   (You found it on level 5 of the Pits of Slime)

   It poisons the flesh of those it strikes.
   Str:       It affects your strength (+3).
   MP:        It affects your magic capacity (+9).
   Fly:       It grants you flight.
   Stlth:     It makes you less stealthy.
 U - the +6 spear of Experimentation {spect, rF+ Dex-5 SInv}
   (You found it on level 12 of the Dungeon)

   When its wielder attacks, the weapon's spirit leaps out and strikes again.
   The spirit shares a part of any damage it takes with its wielder.
   Dex:       It affects your dexterity (-5).
   rF:        It protects you from fire.
   SInv:      It lets you see invisible.
 Z - the +9 dagger "Ereerevu" {freeze, *Noise +Blink Will+ Str+4}
   (You found it on level 11 of the Dungeon)

   It freezes those it strikes, dealing additional cold damage.
   It can also slow down cold-blooded creatures.
   Str:       It affects your strength (+4).
   +Blink:    It lets you blink.
   *Noise:    It may make noises in combat.
   Will:      It increases your willpower.
Missiles
 i - 265 bolts
 u - 81 sling bullets
 y - 13 boomerangs (quivered)
 F - 10 javelins
 X - a curare-tipped dart
Armour
 c - a +0 buckler (worn)
 q - a +0 hat of intelligence
 s - the +14 crystal plate armour of an ice cave (worn) {Will+ Dex+9}
   (You acquired it on level 13 of the Dungeon)

   Dex:       It affects your dexterity (+9).
   Will:      It increases your willpower.
 B - a +0 cloak (worn)
 E - the +0 pair of gloves of Ru's Respect (worn) {+Blink rElec}
   (You found it on level 5 of the Pits of Slime)

   rElec:     It insulates you from electricity.
   +Blink:    It lets you blink.
 N - a +0 pair of boots of flying
 S - the +2 pair of boots "Jaxumif" {rC+ Regen+ Str+2}
   (You found it on level 6 of the Lair of Beasts)

   Str:       It affects your strength (+2).
   rC:        It protects you from cold.
   Regen:     It increases your rate of health regeneration.
Jewellery
 k - the ring of the Smoking Coward {Fly Slay+2}
   (You found it on level 5 of the Pits of Slime)

   [ring of flight]

   Slay:      It affects your accuracy & damage with ranged weapons and melee
   (+2).
   Fly:       It grants you flight.
 v - a ring of fire
 z - a +4 ring of evasion (left hand)
 I - the amulet "Baluhak" (around neck) {Reflect rN+ SH+5}
   (You found it on level 1 of the Lair of Beasts)

   [amulet of reflection]

   It reflects blocked missile attacks.
   rN:        It protects you from negative energy.
   SH:        It affects your SH (+5).
 W - a ring of positive energy (right hand)
Wands
 n - a wand of iceblast (11)
 w - a wand of paralysis (7)
 G - a wand of flame (18)
 L - a wand of mindburst (14)
 M - a wand of acid (8)
 V - a wand of digging (15)
Scrolls
 f - 2 scrolls of enchant weapon
 h - 2 scrolls of fear
 j - 11 scrolls of teleportation
 m - 4 scrolls of enchant armour
 p - a scroll of summoning
 A - 2 scrolls of amnesia
 C - a scroll of brand weapon
 D - 2 scrolls of magic mapping
 H - a scroll of silence
 P - 2 scrolls of fog
 Y - 4 scrolls of identify
Potions
 d - a potion of flight
 e - 2 potions of mutation
 g - 3 potions of lignification
 o - 10 potions of ambrosia
 r - 5 potions of heal wounds
 t - a potion of magic
 J - 5 potions of brilliance
 K - a potion of berserk rage
 Q - a potion of might
 T - 3 potions of curing


   Skills:
 + Level 12.2 Fighting
 + Level 10.4 Short Blades
 + Level 10.4 Long Blades
 + Level 11.4 Axes
 + Level 10.4 Maces & Flails
 + Level 10.4 Polearms
 + Level 10.4 Staves
 + Level 10.4 Slings
 + Level 10.4 Bows
 + Level 10.4 Crossbows
 + Level 10.4 Throwing
 + Level 12.2 Armour
 + Level 10.4 Dodging
 + Level 10.4 Stealth
 + Level 12.2 Shields
 + Level 10.4 Unarmed Combat
 + Level 10.4 Spellcasting
 + Level 8.7 Conjurations
 + Level 8.7 Hexes
 + Level 8.7 Summonings
 + Level 8.7 Necromancy
 + Level 8.7 Translocations
 + Level 8.7 Transmutations
 + Level 8.7 Fire Magic
 + Level 8.7 Ice Magic
 + Level 8.7 Air Magic
 + Level 8.7 Earth Magic
 + Level 8.7 Poison Magic
 + Level 11.3 Invocations
 + Level 10.4 Evocations


You had 34 spell levels left.
You didn't know any spells.
Your spell library contained the following spells:

 Spells                   Type           Power      Damage    Failure   Level
 Sublimation of Blood     Necr           18%        N/A       26%         2
 Conjure Flame            Conj/Fire      18%        6-21      45%         3
 Gell's Gravitas          Tloc           18%        N/A       45%         3
 Inner Flame              Hex/Fire       18%        N/A       45%         3
 Lesser Beckoning         Tloc           18%        N/A       45%         3
 Teleport Other           Tloc           18%        N/A       45%         3
 Cause Fear               Hex            9%         N/A       86%         4
 Iskenderun's Mystic Bla  Conj/Tloc      18%        2d6       86%         4
 Passage of Golubria      Tloc           18%        N/A       86%         4
 Petrify                  Tmut/Erth      18%        N/A       86%         4
 Summon Ice Beast         Ice/Summ       18%        N/A       86%         4
 Blade Hands              Tmut           9%         N/A       99%         5
 Freezing Cloud           Conj/Ice/Air   9%         6-21      99%         5
 Irradiate                Conj/Tmut      9%         3d16      99%         5
 Metabolic Englaciation   Hex/Ice        9%         N/A       99%         5
 Summon Forest            Summ/Tloc      9%         N/A       99%         5
 Conjure Ball Lightning   Conj/Air       9%         3x3d6     100%        6
 Simulacrum               Ice/Necr       9%         N/A       100%        6
 Dragon Form              Tmut           9%         N/A       100%        7
 Discord                  Hex            9%         N/A       100%        8
 Disjunction              Tloc           9%         N/A       100%        8
 Polar Vortex             Ice            9%         N/A       100%        9


Dungeon Overview and Level Annotations

Branches:
Dungeon (15/15)            Temple (1/1) D:4            Lair (6/6) D:8
  Swamp (0/4) Lair:2       Spider (1/4) Lair:2        Slime (5/5) Lair:5
    Orc (0/2) D:11         Vaults (0/5) D:13         Depths (0/4) D:15

Altars:
Ashenzari
Cheibriados
Dithmenos
Elyvilon
Fedhas
Gozag
Hepliaklqana
Kikubaaqudgha
Makhleb
Nemelex Xobeh
Okawaru
Qazlal
Ru
Sif Muna
Trog
Uskayaw
Vehumet
Wu Jian
Xom
Yredelemnul
Zin
The Shining One
Jiyva

Shops:
D:7 (

Annotations:
Spider:1 Donald
Slime:5 Royal Jelly


Innate Abilities, Weirdness & Mutations

You have very sharp teeth.
Your uncanny sense of smell can sniff out nearby items.
Your experience applies equally to all skills.
You have a pair of large horns on your head.
You have claws for feet.
You possess an exceptional clarity of mind.
You have acidic saliva.
Your body has grown eyes which may confuse attackers. (Acc +3)
Armour fits poorly on your pseudopods.
Your translucent skin slightly reduces your foes' accuracy. (Stealth+)
You are covered in slimy tendrils that may disarm your opponents.


Message History

Things that are here:
a +0 hand axe; a +0 robe; a meliai corpse
Things that are here:
a jumping spider corpse; a redback corpse You hear a distant slurping noise.
You hear a distant slurping noise.
You hear a distant slurping noise.
You hear a squelching noise.
You hear a distant slurping noise.
You hear a distant slurping noise.
You hear a squelching noise.
You pick your way through the web.
There is a web here.
Donald the Adventurer comes into view.
He is wielding a +1 vorpal war axe and wearing a +0 kite shield of reflection.
Donald shouts!
Donald says, "Your jellies ate my lunch.
I hate that."
Donald mumbles some strange words.
Donald seems to grow stronger.
Found a stone staircase leading down.
Donald casts a spell.
Donald seems to speed up.
Jiyva gurgles merrily.
Donald hits you with a +1 vorpal war axe.
Donald hits the jelly with a +1 vorpal war axe!!
Donald is burned by acid!
Donald hits you with a +1 vorpal war axe!!
Donald hits the jelly with a +1 vorpal war axe!
The jelly dies!
Donald blocks your attack.
Your bludgeon misses Donald.
Donald is lightly wounded.
Donald hits you with a +1 vorpal war axe!!
You hit Donald. You claw Donald! You bite Donald, but do no damage.
Donald blocks your attack.
Donald is lightly wounded.
Donald is no longer covered in acid.
Donald says, "You're really ugly.
Did you know that?"
Donald hits you with a +1 vorpal war axe!!
* * * LOW HITPOINT WARNING * * *
x2 Donald says, "So, what is this Orb thing, anyway?"
Donald hits you with a +1 vorpal war axe!!
* * * LOW HITPOINT WARNING * * *
You die...

###..####....##.#...
#..# ##.##..# #.##
#..###..##.## #.##
##..#.##....####..†
##..................
##...................
#....#.#.#.....#.##..
##...#..##...#..#.#..
#..@..#.#≈.##.......
##.@.#####≈ #...^.#.
#....# ≈#≈≈≈≈#..#.
#.....# ≈≈≈≈≈≈≈≈≈≈≈#
#....#. ≈≈≈≈≈#≈≈≈≈≈
....>### ≈##≈# #≈###
..#..## ## ≈≈# ...###


You could see Donald (fast, strong).

Vanquished Creatures
  2 emperor scorpions (Spider:1)
  A very ugly thing (D:15)
  An entropy weaver (Lair:2)
  A spark wasp (Spider:1)
  Snorg (D:13)
  A rakshasa (D:15)
  Josephine (D:11)
  9 hydras
  5 boulder beetles
  The ghost of Bauqient the Spear-Bearer, a journeyman MfSu of Sif Muna (Lair:1)
  A centaur warrior (D:14)
  2 catoblepae
  A death knight (D:15)
  A radroach (Spider:1)
  2 dancing weapons (D:13)
  2 tengu warriors
  A deep troll shaman (Lair:6)
  A two-headed ogre (D:10)
  6 death yaks (Lair:6)
  Nergalle (Lair:3)
  An orb spider (Spider:1)
  A bog body (Lair:2)
  2 steelbarb worms (Spider:1)
  A phantasmal warrior (D:15)
  An orange crystal statue (D:15)
  2 deep elf pyromancers
  A wolf spider (Spider:1)
  2 manticores
  A moth of wrath (Spider:1)
  16 ugly things
  7 elephants (Lair:6)
  4 cyclopes
  4 black mambas
  Maurice (D:9)
  Joseph (D:9)
  9 cane toads
  A torpor snail (Lair:6)
  A gargoyle (D:10)
  A water nymph (shapeshifter) (D:15)
  2 rime drakes
  2 demonic crawlers (Spider:1)
  An unseen horror (D:10)
  Maggie (D:8)
  An efreet (D:14)
  A kobold demonologist (D:13)
  2 freezing wraiths (D:15)
  A tengu conjurer (D:15)
  6 komodo dragons
  5 yaktaurs (D:15)
  A queen bee (D:11)
  4 trolls
  3 polar bears
  Grinder (D:4)
  A wolf spider simulacrum (D:15)
  A meliai (Spider:1)
  Prince Ribbit (D:8)
  A hornet (D:11)
  9 tarantellas
  6 blink frogs
  3 jumping spiders (Spider:1)
  3 wyverns
  A shadow (D:13)
  A culicivora (Spider:1)
  4 basilisks
  6 wraiths
  56 yaks
  10 vampire mosquitoes
  10 redbacks
  An acid dragon (D:9)
  11 water moccasins
  9 orc warriors
  An ice beast (D:8)
  5 black bears
  2 necrophages
  A sky beast (D:7)
  9 boggarts
  16 wolves
  4 ogres
  10 centaurs
  2 kobold brigands
  9 bullfrogs
  2 scorpions
  A water moccasin zombie (D:5)
  22 wights
  43 killer bees
  A vampire bat (Lair:2)
  5 howler monkeys
  3 electric eels
  3 lava snakes (Lair:3)
  A bullfrog skeleton (D:7)
  3 centaur zombies
  2 hounds
  8 orc priests
  Crazy Yiuf (D:7)
  11 hell rats
  2 iguanas
  8 orc wizards
  2 hound skeletons
  A howler monkey zombie (D:6)
  5 gnolls
  5 adders
  2 shadow imps
  3 white imps
  37 orcs
  2 ball pythons
  2 endoplasms (D:1)
  A giant cockroach (D:2)
  6 goblins
  6 hobgoblins
  6 jackals
  8 kobolds
  5 quokkas
  8 bats
  3 frilled lizards (D:3)
  10 rats
550 creatures vanquished.

Vanquished Creatures (collateral kills)
  Gastronok (D:8)
  Frances (D:12)
  A dire elephant (Lair:6)
  A two-headed ogre (D:12)
  A deep elf pyromancer (D:13)
  A torpor snail (Spider:1)
  A meliai (Spider:1)
  A culicivora (Spider:1)
  A yak (Lair:2)
  A redback (Spider:1)
10 creatures vanquished.

Vanquished Creatures (others)
  A glowing orange brain (D:15)
  An ugly thing (D:15)
  A shining eye (shapeshifter) (D:15)
  2 cane toads
  A troll (D:14)
  9 slime creatures
  2 blink frogs (Lair:4)
  3 yaks
  A vampire mosquito (D:10)
  5 water moccasins
  An orc warrior (D:10)
  An ice beast (D:6)
  A centaur (D:8)
  3 bullfrogs
  A scorpion (D:5)
  4 killer bees
  2 vampire bats (Lair:2)
  2 howler monkeys
  76 jellies
  An orc priest (D:10)
  A hound (D:6)
  A hell rat (Lair:4)
  An iguana (D:4)
  2 orc wizards
  7 orcs
  2 endoplasms (D:4)
  2 hobgoblins (D:4)
  A ball python (D:4)
  5 bats (Lair:2)
  A goblin (D:4)
  4 kobolds
  119 fungi
  127 plants
391 creatures vanquished.

Grand Total: 951 creatures vanquished

Notes
Turn   | Place    | Note
-------+----------+-------------------------------------------
     0 | D:1      | Xoff the Gnoll Fighter began the quest for the Orb.
     0 | D:1      | Reached XP level 1. HP: 23/23 MP: 1/1
   148 | D:1      | Reached XP level 2. HP: 29/29 MP: 2/2
   612 | D:1      | Found a faded altar of an unknown god.
   617 | D:1      | Prayed at the altar of an unknown god.
   617 | D:1      | Became a worshipper of Jiyva Jidurics the Shapeless
   617 | D:1      | Reached * piety under Jiyva
   826 | D:2      | Reached XP level 3. HP: 35/35 MP: 3/3
   880 | D:2      | Reached ** piety under Jiyva
  1040 | D:2      | Reached skill level 1 in Invocations
  1470 | D:2      | Reached skill level 1 in Short Blades
  1470 | D:2      | Reached skill level 1 in Long Blades
  1470 | D:2      | Reached skill level 1 in Maces & Flails
  1470 | D:2      | Reached skill level 1 in Polearms
  1470 | D:2      | Reached skill level 1 in Staves
  1470 | D:2      | Reached skill level 1 in Slings
  1470 | D:2      | Reached skill level 1 in Bows
  1470 | D:2      | Reached skill level 1 in Crossbows
  1470 | D:2      | Reached skill level 1 in Throwing
  1470 | D:2      | Reached skill level 1 in Dodging
  1470 | D:2      | Reached skill level 1 in Stealth
  1470 | D:2      | Reached skill level 1 in Unarmed Combat
  1470 | D:2      | Reached skill level 1 in Spellcasting
  1470 | D:2      | Reached skill level 1 in Evocations
  1470 | D:2      | Reached XP level 4. HP: 41/41 MP: 5/5
  1600 | D:3      | Reached *** piety under Jiyva
  1635 | D:3      | Reached skill level 1 in Conjurations
  1635 | D:3      | Reached skill level 1 in Hexes
  1635 | D:3      | Reached skill level 1 in Summonings
  1635 | D:3      | Reached skill level 1 in Necromancy
  1635 | D:3      | Reached skill level 1 in Translocations
  1635 | D:3      | Reached skill level 1 in Transmutations
  1635 | D:3      | Reached skill level 1 in Fire Magic
  1635 | D:3      | Reached skill level 1 in Ice Magic
  1635 | D:3      | Reached skill level 1 in Air Magic
  1635 | D:3      | Reached skill level 1 in Earth Magic
  1635 | D:3      | Reached skill level 1 in Poison Magic
  1757 | D:3      | Reached XP level 5. HP: 47/47 MP: 5/7
  1997 | D:4      | Gained mutation: Your body has grown eyes which may confuse
                  | attackers. (Acc +3) [Jiyva's grace]
  1997 | D:4      | Gained mutation: Your body has grown many eyes which may
                  | confuse attackers. (Acc +5) [Jiyva's grace]
  1997 | D:4      | Gained mutation: Your body is covered in eyes which may
                  | confuse attackers. (Acc +7, SInv) [Jiyva's grace]
  1997 | D:4      | Gained mutation: Armour fits poorly on your pseudopods.
                  | [Jiyva's grace]
  2014 | D:4      | Noticed an ogre
  2026 | D:4      | Killed an ogre
  2107 | D:4      | Found a staircase to the Ecumenical Temple.
  2137 | D:4      | Noticed Grinder
  2142 | D:4      | Noticed an orc warrior
  2148 | D:4      | Paralysed by Grinder for 6 turns
  2184 | D:3      | Killed an orc warrior
  2185 | D:3      | Reached XP level 6. HP: 39/53 MP: 8/8
  2268 | Temple   | Entered the Ecumenical Temple
  2587 | D:4      | Reached skill level 5 in Axes
  2871 | D:4      | Reached **** piety under Jiyva
  2971 | D:4      | Paralysed by Grinder for 4 turns
  2985 | D:4      | Paralysed by Grinder for 6 turns
  2998 | D:4      | Killed Grinder
  2999 | D:4      | Reached XP level 7. HP: 45/60 MP: 10/10
  3055 | D:5      | Entered Level 5 of the Dungeon
  3256 | D:5      | Reached XP level 8. HP: 55/67 MP: 12/12
  4205 | D:6      | Reached ***** piety under Jiyva
  4232 | D:6      | Reached XP level 9. HP: 64/71 MP: 14/14
  4286 | D:6      | Gained mutation: You have sharp toenails. [Jiyva's grace]
  4286 | D:6      | Gained mutation: You have razor-sharp toenails. [Jiyva's
                  | grace]
  4286 | D:6      | Gained mutation: You have claws for feet. [Jiyva's grace]
  4286 | D:6      | Gained mutation: Your rubbery body absorbs attacks. (AC +1,
                  | EV +1) [Jiyva's grace]
  4720 | D:7      | Identified the +9 flail of Asekkueto {vorpal, rPois Dex+2}
  4761 | D:7      | Found a sacrificial altar of Ru.
  4889 | D:7      | Reached skill level 5 in Invocations
  5072 | D:7      | Found Bomy's Antique Weapon Shop.
  5512 | D:7      | Found a runed translucent door.
  5513 | D:7      | Noticed Crazy Yiuf
  5519 | D:7      | Killed Crazy Yiuf
  5708 | D:7      | Reached XP level 10. HP: 74/80 MP: 17/17
  5761 | D:8      | Noticed Prince Ribbit
  5762 | D:8      | Lost mutation: You have claws for feet. [Jiyva's grace]
  5762 | D:8      | Lost mutation: Your body is covered in eyes which may
                  | confuse attackers. (Acc +7, SInv) [Jiyva's grace]
  5762 | D:8      | Lost mutation: Armour fits poorly on your pseudopods.
                  | [Jiyva's grace]
  5762 | D:8      | Gained mutation: You possess an exceptional clarity of
                  | mind. [Jiyva's grace]
  5762 | D:8      | Gained mutation: You expend magic power (3 MP) to
                  | strengthen your wands. [Jiyva's grace]
  5762 | D:8      | Gained mutation: Your muscles are strong. (Str +2) [Jiyva's
                  | grace]
  5762 | D:8      | Gained mutation: Your muscles are very strong. (Str +4)
                  | [Jiyva's grace]
  5770 | D:8      | Killed Prince Ribbit
  5771 | D:8      | Reached skill level 5 in Short Blades
  5771 | D:8      | Reached skill level 5 in Long Blades
  5771 | D:8      | Reached skill level 5 in Maces & Flails
  5771 | D:8      | Reached skill level 5 in Polearms
  5771 | D:8      | Reached skill level 5 in Staves
  5771 | D:8      | Reached skill level 5 in Slings
  5771 | D:8      | Reached skill level 5 in Bows
  5771 | D:8      | Reached skill level 5 in Crossbows
  5771 | D:8      | Reached skill level 5 in Throwing
  5771 | D:8      | Reached skill level 5 in Dodging
  5771 | D:8      | Reached skill level 5 in Stealth
  5771 | D:8      | Reached skill level 5 in Unarmed Combat
  5771 | D:8      | Reached skill level 5 in Spellcasting
  5771 | D:8      | Reached skill level 5 in Evocations
  6003 | D:8      | Noticed Gastronok
  6013 | D:8      | Killed Gastronok
  6043 | D:8      | Found a staircase to the Lair.
  6142 | D:8      | Noticed Maggie
  6151 | D:8      | Killed Maggie
  6211 | Lair:1   | Entered Level 1 of the Lair of Beasts
  6401 | Lair:1   | Found a large runed translucent door.
  6401 | Lair:1   | Found a large runed translucent door.
  6402 | Lair:1   | Reached ****** piety under Jiyva
  6403 | Lair:1   | Noticed Bauqient's ghost (journeyman MfSu)
  6405 | Lair:1   | Noticed a cane toad
  6413 | Lair:1   | Killed a cane toad
  6414 | Lair:1   | Reached XP level 11. HP: 71/87 MP: 19/19
  6530 | Lair:1   | Identified the amulet "Baluhak" {Reflect rN+ SH+5}
  6949 | Lair:1   | Killed Bauqient's ghost
  7104 | Lair:2   | Noticed a five-headed hydra
  7115 | Lair:2   | Killed a five-headed hydra
  7116 | Lair:2   | Reached skill level 5 in Conjurations
  7116 | Lair:2   | Reached skill level 5 in Hexes
  7116 | Lair:2   | Reached skill level 5 in Summonings
  7116 | Lair:2   | Reached skill level 5 in Necromancy
  7116 | Lair:2   | Reached skill level 5 in Translocations
  7116 | Lair:2   | Reached skill level 5 in Transmutations
  7116 | Lair:2   | Reached skill level 5 in Fire Magic
  7116 | Lair:2   | Reached skill level 5 in Ice Magic
  7116 | Lair:2   | Reached skill level 5 in Air Magic
  7116 | Lair:2   | Reached skill level 5 in Earth Magic
  7116 | Lair:2   | Reached skill level 5 in Poison Magic
  7338 | Lair:2   | Lost mutation: You have razor-sharp toenails. [Jiyva's
                  | grace]
  7338 | Lair:2   | Lost mutation: You possess an exceptional clarity of mind.
                  | [Jiyva's grace]
  7338 | Lair:2   | Lost mutation: Your body has grown many eyes which may
                  | confuse attackers. (Acc +5) [Jiyva's grace]
  7338 | Lair:2   | Lost mutation: Your rubbery body absorbs attacks. (AC +1,
                  | EV +1) [Jiyva's grace]
  7338 | Lair:2   | Gained mutation: Your system is resistant to poisons.
                  | (rPois) [Jiyva's grace]
  7338 | Lair:2   | Gained mutation: You have a small jelly attached to you
                  | that senses nearby items. [Jiyva's grace]
  7338 | Lair:2   | Gained mutation: You passively dampen the noise of your
                  | surroundings. [Jiyva's grace]
  7338 | Lair:2   | Gained mutation: You are covered in slimy tendrils that may
                  | disarm your opponents. [Jiyva's grace]
  7469 | Lair:2   | Found a hole to the Spider Nest.
  7546 | Lair:2   | Noticed a bog body
  7572 | Lair:2   | Killed a bog body
  7597 | Lair:2   | Found a staircase to the Swamp.
  7601 | Lair:2   | Identified the -7 pair of gloves of Benevolence {+Inv}
  8022 | Lair:3   | Noticed an eight-headed hydra
  8038 | Lair:3   | Killed an eight-headed hydra
  8039 | Lair:3   | Reached XP level 12. HP: 8/96 MP: 22/22
  8192 | Lair:3   | HP: 2/97 [komodo dragon (23)]
  8662 | Lair:3   | Lost mutation: You have a small jelly attached to you that
                  | senses nearby items. [Jiyva's grace]
  8662 | Lair:3   | Gained mutation: Your melee attacks may engulf your foes in
                  | ooze. [Jiyva's grace]
  8662 | Lair:3   | Gained mutation: Your rubbery body absorbs attacks. (AC +1,
                  | EV +1) [Jiyva's grace]
  8662 | Lair:3   | Gained mutation: Your pliable body absorbs attacks. (AC +2,
                  | EV +2) [Jiyva's grace]
  8662 | Lair:3   | Gained mutation: Your gelatinous body deflects attacks. (AC
                  | +3, EV +3) [Jiyva's grace]
  8946 | Lair:4   | Noticed Nergalle
  8963 | Lair:3   | Killed Nergalle
  9042 | Lair:4   | Noticed a six-headed hydra
  9053 | Lair:4   | Killed a six-headed hydra
  9179 | Lair:4   | Reached skill level 10 in Fighting
  9179 | Lair:4   | Reached skill level 10 in Armour
  9179 | Lair:4   | Reached skill level 10 in Shields
  9224 | Lair:4   | You are sucked into a shaft and drop 1 floor!
  9360 | Lair:5   | Identified the +1 chain mail "Sooxosem" {Will- Int+4 Dex+3}
  9807 | Lair:5   | Noticed a five-headed hydra
  9815 | Lair:5   | Killed a five-headed hydra
 10211 | Lair:5   | Found a staircase to the Slime Pits.
 10389 | Lair:6   | Entered Level 6 of the Lair of Beasts
 10430 | Lair:6   | Lost mutation: Your gelatinous body deflects attacks. (AC
                  | +3, EV +3) [Jiyva's grace]
 10430 | Lair:6   | Gained mutation: You have razor-sharp toenails. [Jiyva's
                  | grace]
 10430 | Lair:6   | Gained mutation: You have claws for feet. [Jiyva's grace]
 10430 | Lair:6   | Gained mutation: Armour fits poorly on your pseudopods.
                  | [Jiyva's grace]
 10430 | Lair:6   | Gained mutation: Armour fits poorly on your large
                  | pseudopods. [Jiyva's grace]
 10432 | Lair:6   | Noticed a four-headed hydra
 10445 | Lair:6   | Killed a four-headed hydra
 10468 | Lair:6   | Noticed a catoblepas
 10509 | Lair:6   | Reached XP level 13. HP: 87/103 MP: 24/24
 11432 | Lair:6   | Noticed a dire elephant
 11451 | Lair:6   | Killed a dire elephant
 11506 | Lair:6   | Identified the +2 pair of boots "Jaxumif" {rC+ Regen+
                  | Str+2}
 12156 | D:9      | Reached skill level 10 in Axes
 12194 | D:9      | Noticed Joseph
 12201 | D:9      | Killed Joseph
 12202 | D:9      | Reached XP level 14. HP: 113/113 MP: 26/26
 12539 | D:9      | Lost mutation: Your system is resistant to poisons. (rPois)
                  | [Jiyva's grace]
 12539 | D:9      | Lost mutation: You are covered in slimy tendrils that may
                  | disarm your opponents. [Jiyva's grace]
 12539 | D:9      | Lost mutation: Your melee attacks may engulf your foes in
                  | ooze. [Jiyva's grace]
 12539 | D:9      | Gained mutation: You are covered in slimy tendrils that may
                  | disarm your opponents. [Jiyva's grace]
 12539 | D:9      | Gained mutation: You have a small jelly attached to you
                  | that may absorb projectiles. [Jiyva's grace]
 12539 | D:9      | Gained mutation: Your system is resistant to poisons.
                  | (rPois) [Jiyva's grace]
 12539 | D:9      | Gained mutation: Your translucent skin slightly reduces
                  | your foes' accuracy. (Stealth+) [Jiyva's grace]
 12556 | D:9      | Noticed Maurice
 12562 | D:9      | Killed Maurice
 12737 | D:10     | Entered Level 10 of the Dungeon
 13443 | D:11     | Identified the +9 dagger "Ereerevu" {freeze, *Noise +Blink
                  | Will+ Str+4}
 13828 | D:11     | Found a staircase to the Orcish Mines.
 13891 | D:11     | Noticed Josephine
 13899 | D:11     | Killed Josephine
 13905 | D:11     | Reached skill level 10 in Invocations
 14290 | D:12     | Noticed Frances
 14298 | D:12     | Killed Frances
 14364 | D:12     | Lost mutation: Your system is resistant to poisons. (rPois)
                  | [Jiyva's grace]
 14364 | D:12     | Lost mutation: Your muscles are very strong. (Str +4)
                  | [Jiyva's grace]
 14364 | D:12     | Lost mutation: Your muscles are strong. (Str +2) [Jiyva's
                  | grace]
 14364 | D:12     | Lost mutation: Your pliable body absorbs attacks. (AC +2,
                  | EV +2) [Jiyva's grace]
 14364 | D:12     | Lost mutation: Armour fits poorly on your large pseudopods.
                  | [Jiyva's grace]
 14364 | D:12     | Gained mutation: You have acidic saliva. [Jiyva's grace]
 14364 | D:12     | Gained mutation: You have hidden genetic potential.
                  | [Jiyva's grace]
 14364 | D:12     | Gained mutation: You have great hidden genetic potential.
                  | [Jiyva's grace]
 14364 | D:12     | Gained mutation: Your spells are a little harder to cast,
                  | but a little more powerful. [Jiyva's grace]
 14564 | D:12     | Identified the +6 spear of Experimentation {spect, rF+
                  | Dex-5 SInv}
 14773 | D:12     | Identified a scroll of acquirement
 14905 | D:13     | Noticed Snorg
 14916 | D:13     | Killed Snorg
 14941 | D:13     | Acquired the +14 crystal plate armour of an ice cave {Will+
                  | Dex+9}
 15518 | D:13     | Found a gate to the Vaults.
 16093 | D:14     | Reached XP level 15. HP: 120/120 MP: 28/28
 16181 | D:14     | Lost mutation: Your spells are a little harder to cast, but
                  | a little more powerful. [Jiyva's grace]
 16181 | D:14     | Lost mutation: Your rubbery body absorbs attacks. (AC +1,
                  | EV +1) [Jiyva's grace]
 16181 | D:14     | Lost mutation: You have great hidden genetic potential.
                  | [Jiyva's grace]
 16181 | D:14     | Lost mutation: You have hidden genetic potential. [Jiyva's
                  | grace]
 16181 | D:14     | Lost mutation: You have a small jelly attached to you that
                  | may absorb projectiles. [Jiyva's grace]
 16181 | D:14     | Lost mutation: You expend magic power (3 MP) to strengthen
                  | your wands. [Jiyva's grace]
 16181 | D:14     | Lost mutation: You passively dampen the noise of your
                  | surroundings. [Jiyva's grace]
 16181 | D:14     | Gained mutation: You have a pair of small horns on your
                  | head. [Jiyva's grace]
 16181 | D:14     | Gained mutation: You have a pair of horns on your head.
                  | [Jiyva's grace]
 16181 | D:14     | Gained mutation: You have a pair of large horns on your
                  | head. [Jiyva's grace]
 16181 | D:14     | Gained mutation: You possess an exceptional clarity of
                  | mind. [Jiyva's grace]
 16252 | D:15     | Entered Level 15 of the Dungeon
 16600 | D:15     | Reached skill level 10 in Short Blades
 16600 | D:15     | Reached skill level 10 in Long Blades
 16600 | D:15     | Reached skill level 10 in Maces & Flails
 16600 | D:15     | Reached skill level 10 in Polearms
 16600 | D:15     | Reached skill level 10 in Staves
 16600 | D:15     | Reached skill level 10 in Slings
 16600 | D:15     | Reached skill level 10 in Bows
 16600 | D:15     | Reached skill level 10 in Crossbows
 16600 | D:15     | Reached skill level 10 in Throwing
 16600 | D:15     | Reached skill level 10 in Dodging
 16600 | D:15     | Reached skill level 10 in Stealth
 16600 | D:15     | Reached skill level 10 in Unarmed Combat
 16600 | D:15     | Reached skill level 10 in Spellcasting
 16600 | D:15     | Reached skill level 10 in Evocations
 16811 | D:15     | Found a staircase to the Depths.
 17269 | D:15     | Got Pegaptiak's Tome of the Quantum Glacier
 17551 | Slime:1  | Entered Level 1 of the Pits of Slime
 17552 | Slime:1  | Noticed a rockslime
 17565 | Slime:1  | Noticed an acid blob
 17807 | Slime:2  | Noticed an acid blob
 17891 | Slime:3  | Noticed an acid blob
 17898 | Slime:3  | Noticed an azure jelly
 17900 | Slime:3  | Noticed an azure jelly
 17906 | Slime:3  | Noticed a rockslime
 17918 | Slime:3  | Noticed a rockslime
 18110 | Slime:4  | Noticed an acid blob
 18113 | Slime:4  | Noticed an acid blob
 18147 | Slime:4  | Noticed an azure jelly
 18158 | Slime:4  | Noticed an acid blob
 18163 | Slime:4  | Noticed a rockslime
 18164 | Slime:4  | Noticed an acid blob
 18218 | Slime:4  | Noticed an acid blob
 18328 | Slime:5  | Entered Level 5 of the Pits of Slime
 18328 | Slime:5  | Noticed an azure jelly
 18328 | Slime:5  | Noticed a rockslime
 18328 | Slime:5  | Noticed an azure jelly
 18340 | Slime:5  | Found a viscous altar of Jiyva.
 18340 | Slime:5  | Noticed an acid blob
 18341 | Slime:5  | Noticed an acid blob
 18342 | Slime:5  | Noticed an acid blob
 18342 | Slime:5  | Noticed an acid blob
 18343 | Slime:5  | Noticed an acid blob
 18344 | Slime:5  | Noticed an acid blob
 18345 | Slime:5  | Noticed the Royal Jelly
 18346 | Slime:5  | Got the Volume of the Endless Continents
 18348 | Slime:5  | Identified the +7 flail of the Ancients {venom, Fly MP+9
                  | Str+3 Stlth-}
 18351 | Slime:5  | Noticed an acid blob
 18352 | Slime:5  | Noticed a rockslime
 18355 | Slime:5  | Identified the +1 dagger "Tosuabb" {vorpal, rN+ Will+}
 18357 | Slime:5  | Identified the +0 pair of gloves of Ru's Respect {+Blink
                  | rElec}
 18361 | Slime:5  | Got a slimy rune of Zot
 18362 | Slime:5  | Identified the ring of the Smoking Coward {Fly Slay+2}
 18393 | Slime:5  | Identified the +10 short sword of Guilt {pain, +Blink rElec
                  | Str-2 Dex+2}
 18439 | Slime:5  | Noticed an acid blob
 18534 | Slime:5  | Noticed an acid blob
 18776 | Slime:2  | Noticed an azure jelly
 18948 | Spider:1 | Entered Level 1 of the Spider Nest
 19359 | Spider:1 | Noticed an emperor scorpion
 19376 | Spider:1 | Killed an emperor scorpion
 19533 | Spider:1 | Noticed an emperor scorpion
 19547 | Spider:1 | Killed an emperor scorpion
 19784 | Spider:1 | Noticed Donald
 19790 | Spider:1 | HP: 2/121 [Donald (22)]
 19790 | Spider:1 | Slain by Donald

Illustrated notes

Levels and vault maps discovered:
D:1:      amcnicky_arrival_abandoned_market, layout_rooms,
          ebering_ecumenical_altar_hall
D:2:      layout_basic, chequers_avenue, minmay_rat_gold_closets
D:3:      layout_rooms
D:4:      layout_gridville, temple_pool_b, hangedman_feature_mirror,
          uniq_grinder
D:5:      layout_cave_pods
D:6:      layout_loops_ring, minmay_fountain_box, kennysheep_generic_room_3
D:7:      layout_basic, nicolae_ru_sacrificial_ziggurat, serial_shops, shop,
          chequers_serial_rivers_large_a, uniq_crazy_yiuf_cottage
D:8:      layout_cave_pools, due_lair_maze_entry_diamond, serial_park,
          serial_park_square1 [serial_park_minivault_5x5_1],
          serial_park_square2, sigmund_army, uniq_gastronok, uniq_maggie,
          uniq_prince_ribbit1
D:9:      layout_gridville, grunt_ministairs_3, uniq_joseph, uniq_maurice
D:10:     layout_loops_ring, dk_noncrumbling_2, nicolae_sextant
D:11:     layout_loops_ring, david_orc_4, special_room [special_room_bee],
          uniq_josephine
D:12:     layout_long_grid, uniq_frances
D:13:     layout_loops_corners, erik_vaults_1, uniq_snorg
D:14:     layout_roguey, chequers_serial_rivers_micro_c
D:15:     gammafunk_enter_depths_forms, layout_basic, minmay_protected_statue
Temple:   nicolae_temple_the_god_donut
Lair:1:   layout_cellular_growth, ebering_ghost_disaster_area
Lair:2:   layout_roguey, skrybe_swamp_entry_bodies, spider_nest_entry_rubble,
          roderic_batcave, infiniplex_staircase_pool
Lair:3:   layout_misc_corridors, nicolae_lair_lil_pond,
          nicolae_lair_liquid_snakes
Lair:4:   layout_hall_layers, uniq_nergalle
Lair:5:   layout_concentric_octagons, dpeg_slime_entry_corner
Lair:6:   grunt_lair_end_beastmaster, layout_concentric_octagons
Spider:1: layout_spider_delve, nicolae_spider_jagged_tunnels,
          hangedman_spider_tarantella_strand, uniq_aizul, uniq_donald
Slime:1:  layout_caves
Slime:2:  layout_caves
Slime:3:  layout_caves
Slime:4:  layout_caves
Slime:5

Skill      XL: |  1  2  3  4  5  6  7  8  9 10 11 12 13 14 15 |
---------------+----------------------------------------------+-----
Invocations    | 1 2 3 4 5 6 7 8 9 10 11 | 11.3
Short Blades   | 1 2 3 4 5 6 7 8 9 10 | 10.4
Long Blades    | 1 2 3 4 5 6 7 8 9 10 | 10.4
Maces & Flails | 1 2 3 4 5 6 7 8 9 10 | 10.4
Polearms       | 1 2 3 4 5 6 7 8 9 10 | 10.4
Staves         | 1 2 3 4 5 6 7 8 9 10 | 10.4
Slings         | 1 2 3 4 5 6 7 8 9 10 | 10.4
Bows           | 1 2 3 4 5 6 7 8 9 10 | 10.4
Crossbows      | 1 2 3 4 5 6 7 8 9 10 | 10.4
Throwing       | 1 2 3 4 5 6 7 8 9 10 | 10.4
Dodging        | 1 2 3 4 5 6 7 8 9 10 | 10.4
Stealth        | 1 2 3 4 5 6 7 8 9 10 | 10.4
Unarmed Combat | 1 2 3 4 5 6 7 8 9 10 | 10.4
Spellcasting   | 1 2 3 4 5 6 7 8 9 10 | 10.4
Evocations     | 1 2 3 4 5 6 7 8 9 10 | 10.4
Conjurations   | 1 2 3 4 5 6 7 8 |  8.7
Hexes          | 1 2 3 4 5 6 7 8 |  8.7
Summonings     | 1 2 3 4 5 6 7 8 |  8.7
Necromancy     | 1 2 3 4 5 6 7 8 |  8.7
Translocations | 1 2 3 4 5 6 7 8 |  8.7
Transmutations | 1 2 3 4 5 6 7 8 |  8.7
Fire Magic     | 1 2 3 4 5 6 7 8 |  8.7
Ice Magic      | 1 2 3 4 5 6 7 8 |  8.7
Air Magic      | 1 2 3 4 5 6 7 8 |  8.7
Earth Magic    | 1 2 3 4 5 6 7 8 |  8.7
Poison Magic   | 1 2 3 4 5 6 7 8 |  8.7
Axes           | 5 6 7 8 9 10 11 | 11.4
Fighting       | 7 8 9 10 11 12 | 12.2
Armour         | 7 8 9 10 11 12 | 12.2
Shields        | 7 8 9 10 11 12 | 12.2

Action                   |  1- 3 |  4- 6 |  7- 9 | 10-12 | 13-15 || total
-------------------------+-------+-------+-------+-------+-------++-------
Melee: War axe           |   105 |    96 |    98 |       |       ||   299
       Bite              |     4 |     5 |    23 |    62 |   143 ||   237
       Pseudopods        |       |     6 |    35 |    10 |   271 ||   322
       Flail             |       |       |    68 |   487 |   987 ||  1542
       Kick              |       |       |    25 |    28 |   437 ||   490
       Headbutt          |       |       |       |       |    97 ||    97
 Fire: Hunting sling     |       |       |       |     9 |       ||     9
Throw: Stone             |       |    16 |       |     4 |       ||    20
       Dart              |       |       |       |       |    11 ||    11
Invok: Oozemancy         |       |     1 |     1 |       |     2 ||     4
Evoke: Wand              |       |       |       |       |     1 ||     1
  Use: Potion            |       |     1 |     4 |     4 |     2 ||    11
       Scroll            |       |     1 |    13 |     3 |     6 ||    23
 Stab: Confused          |       |     3 |     7 |     8 |    21 ||    39
       Distracted        |       |       |       |     1 |       ||     1
       Petrified         |       |       |       |     4 |     5 ||     9
Armor: Scale mail        |    22 |       |       |       |       ||    22
       Chain mail        |    23 |    52 |       |       |       ||    75
       Plate armour      |       |    14 |    85 |   235 |   174 ||   508
       Skin              |       |       |       |    19 |       ||    19
       Crystal plate arm |       |       |       |       |   221 ||   221
Dodge: Dodged            |    38 |    26 |    59 |   243 |   498 ||   864
Block: Buckler           |    35 |    20 |    49 |   299 |   612 ||  1015
       Reflection        |       |       |       |       |    21 ||    21
